 Dungeon Crawl Stone Soup version 0.21.1-1-g345015fe64 (webtiles) character file.

39 JarielCorvus the Shield-Bearer (level 3, -2/24 HPs)
             Began as a Gargoyle Fighter on July 12, 2018.
             Slain by a quokka (3 damage)
             ... on level 2 of the Dungeon.
             The game lasted 00:02:12 (498 turns).

JarielCorvus the Shield-Bearer (Gargoyle Fighter)    Turns: 498, Time: 00:02:13

Health: -2/24      AC: 10    Str: 20    XL:     3   Next: 45%
Magic:  3/3        EV:  7    Int:  8    God:
Gold:   55         SH:  9    Dex:  9    Spells: 2/2 levels left

rFire    . . .     SeeInvis .   a - +0 long sword
rCold    . . .     Gourm    .   c - +0 shield
rNeg     + . .     Faith    .   b - +0 scale mail
rPois    ∞         Spirit   .   (no helmet)
rElec    +         Reflect  .   (no cloak)
rCorr    .         Harm     .   (no gloves)
MR       .....                  (no boots)
Stlth    ..........             (no amulet)
HPRegen  0.08/turn              (no ring)
MPRegen  0.08/turn              (no ring)

@: no status effects
A: negative energy resistance 1, electricity resistance, unbreathing,
petrification resistance, rot immunity, AC +3
a: no special abilities


You were on level 2 of the Dungeon.
You were not hungry.

You visited 1 branch of the dungeon, and saw 2 of its levels.

You collected 55 gold pieces.

Inventory:

Hand Weapons
 a - a +0 long sword (weapon)
Armour
 b - a +0 scale mail (worn)
 c - a +0 shield (worn)
 j - a +0 pair of boots
Jewellery
 h - an uncursed ring of fire {unknown}
Scrolls
 m - a scroll of magic mapping
Potions
 d - 2 potions of might
 k - a potion of agility {unknown}
Comestibles
 f - 5 rations


   Skills:
 * Level 3.8 Fighting
 + Level 2.1 Long Blades
 + Level 3.5 Armour
 * Level 4.0 Shields


You had 2 spell levels left.
You didn't know any spells.

Dungeon Overview and Level Annotations

Branches:
Dungeon (2/15)

Altars:


Innate Abilities, Weirdness & Mutations

You are resistant to torment.
Your stone body is resilient. (AC +3)
You are immune to poison.
You resist negative energy. (rN+)
You are resistant to electric shocks. (rElec)
You can survive without breathing.
You are immune to petrification.
You are immune to rotting.


Message History

The hobgoblin hits you.
* * * LOW HITPOINT WARNING * * *
You block the giant cockroach's attack. The goblin barely misses you.
You riposte.
You hit the goblin but do no damage. The quokka bites you.
* * * LOW HITPOINT WARNING * * *
You hit the giant cockroach.
You kill the giant cockroach!
The hobgoblin hits you but does no damage.
You block the goblin's attack. You block the quokka's attack.
You block the hobgoblin's attack. The goblin hits you.
* * * LOW HITPOINT WARNING * * *
The hobgoblin hits you but does no damage.
You block the goblin's attack. You block the quokka's attack.
Found a stone staircase leading up.
The goblin hits you but does no damage.
An adder comes into view.
The adder hisses angrily.
You see here a brown potion.
The quokka bites you.
You die...

...#........####.
#...........#....
#.............#
#...<..).)..###
#...........####
.......†........
.......>...#####
..#<........# .
#.......>@#
#......S.r#
#........g##
#........g.####..
##....†..........
###.....#...###..
.........).†.#
.S........##.#
..........# .#


You could see an adder, a quokka, a hobgoblin and a goblin.

Vanquished Creatures
  An adder (D:2)
  A worm (D:2)
  A leopard gecko (D:1)
  2 bats
  2 giant cockroaches
  3 goblins
  3 hobgoblins
  4 jackals (D:1)
  3 frilled lizards (D:2)
  A kobold (D:2)
  3 rats (D:2)
24 creatures vanquished.

Vanquished Creatures (others)
  5 toadstools (D:1)
5 creatures vanquished.

Grand Total: 29 creatures vanquished

Notes
Turn   | Place    | Note
-------+----------+-------------------------------------------
     0 | D:1      | JarielCorvus the Gargoyle Fighter began the quest for the Orb.
     0 | D:1      | Reached XP level 1. HP: 14/14 MP: 1/1
   125 | D:1      | Reached XP level 2. HP: 19/19 MP: 2/2
   411 | D:2      | Reached XP level 3. HP: 16/24 MP: 3/3
   489 | D:2      | Reached skill level 4 in Shields
   492 | D:2      | HP: 1/24 [goblin (1)]
   498 | D:2      | Slain by a quokka

Skill      XL: |  1  2  3 |
---------------+----------+-----
Long Blades    | 2 |  2.1
Shields        | 4 |  4.0
Fighting       | |  3.8
Armour         | |  3.5

Action                   || total
-------------------------++-------
Melee: Long sword        ||    69
  Use: Scroll            ||     5
Armor: Scale mail        ||    63
Dodge: Dodged            ||    43
Block: Shield            ||    55
       Rpst.: Long sword ||    20
